 Dungeon Crawl Stone Soup version 0.24-a0-498-ge00f04a389 (webtiles) character file.

Game seed: 2324693909206662644

8555 Gargoyl the Cleaver (level 11, -17/89 HPs)
             Began as a Centaur Abyssal Knight on July 14, 2019.
             Was an Elder of Lugonu.
             Demolished by a polar bear (18 damage)
             ... on level 10 of the Dungeon.
             The game lasted 00:17:41 (12353 turns).

Gargoyl the Cleaver (Centaur Abyssal Knight)       Turns: 12353, Time: 00:17:42

Health: -17/89     AC: 18    Str: 16      XL:     11   Next: 11%
Magic:  0/16       EV:  8    Int:  9      God:    Lugonu [****..]
Gold:   452        SH:  3    Dex: 10 (11) Spells: 10/10 levels left

rFire    + . .     SeeInvis .   A - +2 war axe
rCold    . . .     Gourm    .   y - +0 buckler
rNeg     . . .     Faith    .   o - +3 chain mail
rPois    +         Spirit   +   d - +2 helmet
rElec    .         Reflect  .   t - scarf {repulsion}
rCorr    +         Harm     .   z - +1 pair of gloves of the Spheres {*Drain rPois MR+++ Int-2}
MR       +++..                  (no barding)
Stlth    ..........             g - amulet of guardian spirit
HPRegen  0.24/turn              j - ring of resist corrosion
MPRegen  0.15/turn              m - ring of protection from fire

@: repel missiles, very quick
A: large, hooves 3, repulsion field 1, deformed body, speed 2, tough skin 3
a: Depart the Abyss, Bend Space, Banish, Corrupt, Renounce Religion


You were on level 10 of the Dungeon.
You worshipped Lugonu.
Lugonu was greatly pleased with you.
You were not hungry.

You visited 2 branches of the dungeon, and saw 12 of its levels.
You visited the Abyss 1 time.

You collected 452 gold pieces.

Inventory:

Hand Weapons
 a - a +1 hand axe
 A - a +2 war axe (weapon)
Missiles
 n - 9 boomerangs (quivered)
Armour
 d - a +2 helmet (worn)
 h - a +0 cloak
 o - a +3 chain mail (worn)
 t - a scarf of repulsion (worn)
 y - a +0 buckler (worn)
 z - the +1 pair of gloves of the Spheres (worn) {*Drain rPois MR+++ Int-2}
   (You acquired it on level 7 of the Dungeon)

   It affects your intelligence (-2).
   It protects you from poison.
   It affects your resistance to hostile enchantments.
   It causes draining when unequipped.
Jewellery
 g - an amulet of guardian spirit (around neck)
 j - a ring of resist corrosion (left hand)
 m - a ring of protection from fire (right hand)
Wands
 b - a wand of random effects (17)
 r - a wand of flame (36)
 u - a wand of iceblast (8)
 v - a wand of enslavement (7)
Scrolls
 e - 5 scrolls of remove curse
 f - 3 scrolls of teleportation
 p - a scroll of magic mapping
Potions
 i - a potion of flight
 l - a potion of ambrosia
 q - a potion of curing
 s - 2 potions of might
 w - 4 potions of cancellation
 B - a potion of resistance
 C - a potion of haste
 E - 5 potions of degeneration {unknown}
Comestibles
 c - 15 rations


   Skills:
 + Level 6.0 Fighting
 + Level 8.9 Axes
 + Level 0.9 Throwing
 * Level 7.4 Armour
 * Level 5.1 Dodging
 + Level 0.6 Shields
 * Level 7.7 Invocations
 + Level 0.3 Evocations


You had 10 spell levels left.
You didn't know any spells.
Your spell library contained the following spells:

 Spells                   Type           Power        Failure   Level  Hunger
 Animate Skeleton         Necr           N/A          100%        1    ##.....
 Apportation              Tloc           #.....       100%        1    ##.....
 Beastly Appendage        Tmut           #.....       100%        1    ##.....
 Confusing Touch          Hex            #.....       100%        1    ##.....
 Pain                     Necr           #...         100%        1    ##.....
 Sandblast                Erth           #.....       100%        1    ##.....
 Summon Small Mammal      Summ           #...         100%        1    ##.....
 Passwall                 Tmut/Erth      #.......     100%        2    ###....
 Sticks to Snakes         Tmut           #.......     100%        2    ###....
 Regeneration             Chrm/Necr      #.........   100%        3    ####...
 Spider Form              Tmut/Pois      #.........   100%        3    ####...
 Stone Arrow              Conj/Erth      #.....       100%        3    ####...
 Vampiric Draining        Necr           #.........   100%        3    ####...
 Animate Dead             Necr           N/A          100%        4    #####..
 Ice Form                 Ice/Tmut       #.......     100%        4    #####..
 Petrify                  Tmut/Erth      #.......     100%        4    #####..
 Blade Hands              Tmut           #.........   100%        5    ######.
 Lee's Rapid Deconstruct  Erth           #.........   100%        5    ######.


Dungeon Overview and Level Annotations

Branches:
Dungeon (11/15)            Temple (0/1) D:4            Lair (1/6) D:9
    Orc: D:9-12

Altars:
Cheibriados
Dithmenos
Hepliaklqana
Makhleb
Okawaru
Uskayaw
Wu Jian
Xom
Yredelemnul
Zin

Shops:
D:10 [

Portals:
Gauntlet: D:11

Annotations:
D:8 1 runed translucent door, motoroller71's ghost, novice GnGl


Innate Abilities, Weirdness & Mutations

You have hooves in place of feet.
Armour fits poorly on your strangely shaped body.
You cover ground very quickly.
You have extremely tough skin. (AC +3)
You are surrounded by a mild repulsion field. (EV +2)


Message History

The polar bear completely misses you. The polar bear claws you.
The polar bear closely misses you. The polar bear claws you.
* * * LOW HITPOINT WARNING * * *
The polar bear claws you but does no damage.
Your shield and chain mail prevent you from hitting the polar bear.
Your kick misses the polar bear.
The polar bear is severely wounded.
The polar bear bites you.
* * * LOW HITPOINT WARNING * * *
The polar bear claws you.
* * * LOW HITPOINT WARNING * * *
The polar bear claws you but does no damage.
The polar bear bites you.
* * * LOW HITPOINT WARNING * * *
The polar bear barely misses you.
The polar bear claws you but does no damage.
You hit the polar bear but do no damage.
The polar bear is severely wounded.
The polar bear bites you!!
You die...

###############################
#....#........@............#...
#....#........h...........)#...
#....#>....([..>...........#...
#....#.....................#...
#....#.....................#...
#....#.........######.######...
#...................#......#...
######..............#......#...
#...................#......#((.


You could see a polar bear (berserk).

Vanquished Creatures
  Erolcha (D:10)
  2 two-headed ogres
  2 trolls
  3 hippogriffs
  6 yaks (D:9)
  A wyvern (D:10)
  A water moccasin (D:9)
  An acid dragon (D:11)
  6 ice beasts
  A black bear (D:5)
  4 sky beasts
  A phantom (D:4)
  4 centaurs
  3 ogres
  An eye of draining (D:9)
  5 big kobolds
  6 bullfrogs
  A gnoll sergeant (D:10)
  2 scorpions
  3 killer bees (D:9)
  3 howler monkeys
  5 crimson imps
  A bullfrog zombie (D:9)
  2 quasits
  Crazy Yiuf (D:2)
  6 hounds
  A centaur skeleton (D:9)
  2 orc priests
  2 orc wizards (D:8)
  A bullfrog skeleton (D:6)
  3 iguanas
  5 worker ants
  A killer bee zombie (D:7)
  A centaur simulacrum (D:11)
  2 hound skeletons
  2 worker ant zombies
  11 gnolls
  11 adders
  2 white imps (D:11)
  A worker ant simulacrum (D:11)
  An ufetubus (D:10)
  An adder zombie (D:6)
  3 worms
  5 dart slugs
  5 leopard geckos
  14 orcs
  6 bats (D:2)
  5 giant cockroaches
  3 hobgoblins
  17 jackals
  4 quokkas
  2 ball pythons
  A ball python skeleton (D:5)
  A ball python zombie (D:5)
  4 frilled lizards
  6 goblins
  23 kobolds
  A leopard gecko skeleton (D:9)
  A rat (D:2)
220 creatures vanquished.

Vanquished Creatures (others)
  An unseen horror (D:10)
1 creature vanquished.

Grand Total: 221 creatures vanquished

Notes
Turn   | Place    | Note
-------+----------+-------------------------------------------
     0 | Abyss:1  | Gargoyl the Centaur Abyssal Knight began the quest for the
                  | Orb.
     0 | Abyss:1  | Reached XP level 1. HP: 19/19 MP: 2/2
    18 | Abyss:1  | Found a radiant altar of Vehumet.
    49 | Abyss:1  | Found a bloodstained altar of Trog.
    61 | Abyss:1  | Noticed a small abomination
    92 | Abyss:1  | Noticed a thrashing horror
    96 | D:1      | Escaped the Abyss
   524 | D:1      | Reached XP level 2. HP: 23/26 MP: 3/3
   572 | D:1      | Reached skill level 2 in Axes
   890 | D:2      | Reached * piety under Lugonu
   890 | D:2      | Reached skill level 1 in Dodging
  1036 | D:2      | Reached XP level 3. HP: 25/31 MP: 4/4
  1170 | D:2      | Reached XP level 4. HP: 11/38 MP: 5/5
  2050 | D:2      | Found a runed translucent door.
  2051 | D:2      | Noticed Crazy Yiuf
  2393 | D:2      | Gained mutation: You are surrounded by a mild repulsion
                  | field. (EV +2) [potion of mutation]
  2393 | D:2      | Gained mutation: You evolve. [potion of mutation]
  2399 | D:2      | Killed Crazy Yiuf
  2734 | D:3      | Reached ** piety under Lugonu
  2734 | D:3      | Reached XP level 5. HP: 39/45 MP: 5/7
  2803 | D:3      | Found an ornate altar of the Wu Jian Council.
  3062 | D:3      | Reached skill level 3 in Axes
  3489 | D:4      | Noticed a phantom
  3537 | D:4      | Killed a phantom
  3537 | D:4      | Reached XP level 6. HP: 42/52 MP: 6/8
  3541 | D:4      | Found a staircase to the Ecumenical Temple.
  3565 | D:4      | Found a shimmering altar of Xom.
  4162 | D:5      | Entered Level 5 of the Dungeon
  4199 | D:5      | Noticed an ice beast
  4488 | D:4      | Killed an ice beast
  4488 | D:4      | Reached XP level 7. HP: 51/58 MP: 9/9
  4559 | D:5      | Reached skill level 4 in Axes
  4661 | D:5      | Found a shadowy altar of Dithmenos.
  5170 | D:5      | Reached *** piety under Lugonu
  5368 | D:6      | Reached XP level 8. HP: 40/66 MP: 6/11
  5512 | D:6      | Found a hide-covered altar of Uskayaw.
  5657 | D:6      | Found a snail-covered altar of Cheibriados.
  5760 | D:6      | Reached skill level 5 in Axes
  5902 | D:6      | Found a burning altar of Makhleb.
  5902 | D:6      | Noticed a blizzard demon
  5917 | D:6      | Found a basalt altar of Yredelemnul.
  6174 | D:7      | Identified a scroll of acquirement
  6175 | D:7      | Got a pair of steaming gloves
  6186 | D:7      | Identified the +1 pair of gloves of the Spheres {*Drain
                  | rPois MR+++ Int-2} (You acquired it on level 7 of the
                  | Dungeon)
  6399 | D:7      | Reached skill level 5 in Invocations
  6574 | D:7      | Reached skill level 6 in Axes
  6574 | D:7      | Reached skill level 5 in Armour
  6965 | D:8      | Noticed a two-headed ogre
  6975 | D:8      | Killed a two-headed ogre
  6975 | D:8      | Reached XP level 9. HP: 42/73 MP: 7/13
  7149 | D:8      | Found a runed translucent door.
  7152 | D:8      | Noticed motoroller71's ghost (novice GnGl)
  7247 | D:8      | Found a hazy altar of Hepliaklqana.
  7264 | D:8      | Reached **** piety under Lugonu
  7264 | D:8      | Reached skill level 5 in Fighting
  7672 | D:8      | Reached skill level 7 in Axes
  7743 | D:8      | Found a glowing silver altar of Zin.
  7759 | D:8      | Found a shadowy altar of Dithmenos.
  7839 | D:8      | Found a hide-covered altar of Uskayaw.
  8119 | D:9      | Found a staircase to the Lair.
  8541 | D:9      | Noticed a troll
  8565 | D:9      | Reached XP level 10. HP: 77/81 MP: 1/14
  8847 | D:9      | Reached skill level 8 in Axes
  8967 | D:9      | Noticed a two-headed ogre
  8979 | D:9      | Killed a two-headed ogre
  9297 | D:9      | Lost mutation: You evolve. [evolution]
  9311 | D:9      | Found an iron altar of Okawaru.
 10131 | Lair:1   | Entered Level 1 of the Lair of Beasts
 10171 | D:10     | Entered Level 10 of the Dungeon
 10390 | D:10     | Found Seajov's Armour Shoppe.
 11199 | D:10     | Noticed Erolcha
 11236 | D:10     | Killed Erolcha
 11236 | D:10     | Reached skill level 5 in Dodging
 11236 | D:10     | Reached XP level 11. HP: 40/89 MP: 8/16
 11783 | D:10     | Banished an unseen horror
 11947 | D:11     | Found a gate leading to a gauntlet.
 12237 | D:10     | Got a heavily runed helmet
 12248 | D:10     | Identified the +1 helmet of the Thunderstorm {rF+ rN+ Dex-4
                  | Stlth+} (You acquired it on level 10 of the Dungeon)
 12346 | D:10     | HP: 3/89 [polar bear (2)]
 12352 | D:10     | HP: 4/89 [polar bear (2)]
 12352 | D:10     | HP: 1/89 [polar bear (1)]
 12353 | D:10     | Demolished by a polar bear

Levels and vault maps discovered:
D:1:      dpeg_arrival_ternary, layout_loops_ring, st_stairs_6
D:2:      layout_basic, first_ration, corner_web_ring, chequers_arboretum,
          uniq_crazy_yiuf_cottage
D:3:      layout_rooms, marbit_many_paths, serial_bayou_crossing
D:4:      layout_cave_pools, lemuel_round_altar, minmay_temple_entry_arrows
D:5:      layout_rooms, kennysheep_mini
D:6:      layout_gridville, makhleb_altar_promises_db, kennysheep_slug_shrine,
          kennysheep_little_box, basic_altar
D:7:      layout_loops_ring
D:8:      layout_basic, lemuel_round_altar, old_standard_altar, zin_treasury,
          hellmonk_ghost_happy_afterlife, blue_anna_alchemist
          [blue_anna_fruit_fields, blue_anna_fruit_fields],
          grunt_dithmenos_smoke
D:9:      layout_roguey, nicolae_overflow_hidden_temple, lair_entry_dummy
D:10:     layout_grid_maze, serial_shops, nicolae_shop_trees, uniq_erolcha
D:11:     layout_rooms, david_orc_2, gauntlet_entry_generic, serial_ice,
          serial_ice_n, serial_ice_f, serial_ice_a, serial_ice_o, serial_ice_g,
          serial_ice_l, serial_ice_d, serial_ice_m, serial_ice_h, serial_ice_c
Lair:1:   layout_gridlike, enter_volcano_3, portal_ice_cave_demonic_guard,
          grunt_megastairs_5

Skill      XL: |  1  2  3  4  5  6  7  8  9 10 11 |
---------------+----------------------------------+-----
Axes           | 2 3 4 6 7 8 |  8.9
Dodging        | 1 2 3 4 5 |  5.1
Armour         | 2 3 4 5 7 |  7.4
Invocations    | 3 4 5 6 7 |  7.7
Fighting       | 4 5 6 |  6.0
Throwing       | |  0.9
Shields        | |  0.6
Evocations     | |  0.3

Action                   |  1- 3 |  4- 6 |  7- 9 | 10-12 || total
-------------------------+-------+-------+-------+-------++-------
Melee: Hand axe          |    76 |   174 |    77 |       ||   327
       Kick              |     9 |    33 |    93 |    68 ||   203
       War axe           |       |       |   270 |   246 ||   516
Throw: Boomerang         |       |       |     1 |     1 ||     2
Invok: Depart the Abyss  |     1 |       |       |       ||     1
       Banish            |       |       |       |     1 ||     1
Evoke: Wand              |       |       |     2 |       ||     2
  Use: Scroll            |     2 |     4 |    15 |     8 ||    29
       Potion            |     2 |     2 |     1 |     5 ||    10
  Eat: Chunk             |       |     8 |     9 |     8 ||    25
       Ration            |       |     1 |       |     1 ||     2
Armor: Leather armour    |    53 |    11 |       |       ||    64
       Chain mail        |       |   127 |   328 |   287 ||   742
Dodge: Dodged            |    71 |    91 |   176 |   172 ||   510
       Deflected         |       |     2 |     3 |     8 ||    13
Block: Buckler           |       |       |     7 |    56 ||    63

Table legend:
 A = Non-vault XP
 B = Vault XP
 C = Vault XP percentage of total XP
 D = Non-vault monster count
 E = Vault monster count
 F = Vault count percentage of total count
                 A         B        C        D         E       F
            +---------+---------+-------+---------+---------+-------
      Total |   10956 |    1266 |  10.4 |     209 |      12 |   5.4
            +---------+---------+-------+---------+---------+-------
        D:1 |      14 |       5 |  26.3 |       9 |       2 |  18.2
        D:2 |     121 |      42 |  25.8 |      34 |       1 |   2.9
        D:3 |     132 |       4 |   2.9 |      15 |       1 |   6.2
        D:4 |     433 |       0 |   0.0 |      13 |       0 |   0.0
        D:5 |     641 |       0 |   0.0 |      22 |       0 |   0.0
        D:6 |     414 |       4 |   1.0 |      11 |       1 |   8.3
        D:7 |     904 |       0 |   0.0 |      15 |       0 |   0.0
        D:8 |    1623 |     100 |   5.8 |      20 |       1 |   4.8
        D:9 |    4480 |       0 |   0.0 |      32 |       0 |   0.0
       D:10 |    1818 |    1056 |  36.7 |      34 |       2 |   5.6
       D:11 |     376 |      55 |  12.8 |       4 |       4 |  50.0
            +---------+---------+-------+---------+---------+-------
